 Dungeon Crawl Stone Soup version 0.29-a0-1027-gcd8c55af63 (webtiles) character file.

Game seed: 7003475756654974287

2072 ragingrage the Cleaver (level 9, -6/68 HPs)
             Began as a Demonspawn Chaos Knight on Aug 13, 2022.
             Was a Plaything of Xom.
             Mangled by a wight
             ... wielding a +2 halberd
              (19 damage)
             ... on level 7 of the Dungeon.
             The game lasted 00:08:51 (8392 turns).

ragingrage the Cleaver (Demonspawn Chaos Knight)    Turns: 8392, Time: 00:08:52

Health: -6/68      AC:  4    Str: 17    XL:     9   Next: 5%
Magic:  3/3        EV: 11    Int: 14    God:    Xom [.*....]
Gold:   1111       SH:  5    Dex: 12    Spells: 8/8 levels left

rFire   + . .      SeeInvis .   b - +7 short sword of Beogh's Delight {antimagic, rPois}
rCold   + . .      Faith    .   (no shield)
rNeg    . . .      Spirit   .   d - +2 leather armour
rPois   +          Reflect  +   i - +2 hat
rElec   .          Harm     .   s - +0 cloak
rCorr   .          Rampage  .   (no gloves)
Will    .....      Clarity  +   (no boots)
Stlth   +.........              p - amulet of reflection
HPRegen 0.21/turn               z - +4 ring of protection
MPRegen 0.08/turn               w - ring of protection from fire

@: corroded, unable to drink
A: demonic guardian 1, foul stench 2, weakness stinger 1, claws 1, horns 2,
talons 1, clarity, cold resistance 1, inability to drink while threatened 1
a: Renounce Religion


You were on level 7 of the Dungeon.
You worshipped Xom.
You were a plaything of Xom.
You visited 1 branch of the dungeon, and saw 8 of its levels.

You collected 1111 gold pieces.

Inventory:

Hand Weapons
 a - a +1 dagger of venom
 b - the +7 short sword of Beogh's Delight (weapon) {antimagic, rPois}
   (You found it on level 3 of the Dungeon)

   It reduces the magical energy of the wielder, and disrupts the spells and
   magical abilities of those it strikes.
   Natural abilities and divine invocations are not affected.
   rPois:     It protects you from poison.
 G - a +1 vampiric hand axe
Missiles
 I - a throwing net
 L - 8 poisoned darts
Armour
 d - a +2 leather armour (worn)
 i - a +2 hat (worn)
 s - a +0 cloak (worn)
Jewellery
 p - an amulet of reflection (around neck)
 w - a ring of protection from fire (right claw)
 z - a +4 ring of protection (left claw)
 E - a ring of fire
Wands
 m - a wand of charming (11)
 u - a wand of flame (15)
 y - a wand of digging (4)
 C - a wand of iceblast (7)
Scrolls
 f - 4 scrolls of teleportation
 g - 2 scrolls of silence
 h - a scroll of noise {unknown}
 j - 4 scrolls of magic mapping
 n - a scroll of blinking {unknown}
 q - a scroll of vulnerability {unknown}
 r - 4 scrolls of identify
 t - a scroll of butterflies {unknown}
 A - a scroll of summoning {unknown}
 B - a scroll of immolation {unknown}
 D - 3 scrolls of enchant armour
Potions
 e - 2 potions of attraction
 k - a potion of haste
 l - 2 potions of might
 o - 2 potions of mutation
 v - a potion of invisibility
 x - 3 potions of brilliance
 F - a potion of curing {unknown}
 H - a potion of cancellation {unknown}
 J - a potion of lignification {unknown}
 K - a potion of heal wounds
 M - a potion of flight
Miscellaneous
 c - a piece from Xom's chessboard (15/15) (quivered)


   Skills:
 - Level 5.0 Fighting
 + Level 10.6 Axes
 - Level 1.7 Armour
 - Level 0.9 Dodging


You had 8 spell levels left.
You didn't know any spells.
Your spell library was empty.

Dungeon Overview and Level Annotations

Branches:
Dungeon (8/15)             Temple (0/1) D:4
   Lair: D:8-11

Altars:
Cheibriados
Kikubaaqudgha
Uskayaw
Xom

Annotations:
D:6 exclusion: downstairs


Innate Abilities, Weirdness & Mutations

A weak demonic guardian rushes to your aid.
You sometimes emit foul miasma when damaged in melee.
You have a small tail.
You have sharp fingernails.
You have a pair of horns on your head.
You have sharp toenails.
You possess an exceptional clarity of mind.
Your flesh is cold resistant. (rC+)
You occasionally lose the ability to drink potions when taking damage.


Message History

The iguana is engulfed in dark miasma.
The iguana looks even sicker.
You kill the iguana!
You start resting.
A hound is nearby!
A hound is nearby!
A hound is nearby!
A hound is nearby!
You see here a scorpion corpse.
The hound barks!
You see here a bullfrog corpse.
You hit the hound. Your headbutt misses the hound.
The hound is lightly wounded.
The hound closely misses you.
You hit the hound. You claw the hound, but do no damage.
Your headbutt misses the hound.
The hound is lightly wounded.
The hound closely misses you. The hound bites you but does no damage.
You closely miss the hound. You claw the hound, but do no damage.
Your headbutt misses the hound.
The hound is lightly wounded.
The hound barely misses you. The hound bites you.
You emit a cloud of foul miasma!
You hit the hound. You claw the hound.
The hound is heavily wounded.
The hound is engulfed in dark miasma.
The hound is poisoned.
The hound misses you.
You hit the hound. Your kick misses the hound.
The hound is severely wounded.
The hound is engulfed in dark miasma.
The hound looks even sicker.
The hound bites you.
The hound is engulfed in dark miasma.
The hound looks even sicker.
You kill the hound!
You see here a hound corpse.
A wight is nearby!
The wight hits you from afar with a +2 halberd!
You feel threatened and lose the ability to drink potions!
* * * LOW HITPOINT WARNING * * *
A demonic guardian appears!
The wight hits you from afar with a +2 halberd!!
You die...

####### ##.....## ##.......#####
##.♣...♣.5....# ##.....@.......#
#.♣...>...♣..†.# ######
##.......z.....# ......
###...♣...♣......# ......
####.#..............# ......
#....#..............# ......
#####.#†##..............###......
.....>#.##..............##.......
......#.####.#.........†#.......~


You could see a wight (ally target) and a friendly iron imp (summoned).

Vanquished Creatures
  A hornet (D:7)
  A naga (D:7)
  A kobold brigand (D:7)
  2 phantoms
  A bullfrog (D:7)
  Blork the orc (D:5)
  A necrophage (D:5)
  3 scorpions
  2 wights (D:7)
  3 jellies
  4 hounds
  A gnoll bouda (D:6)
  3 orc priests
  4 iguanas
  7 orc wizards
  A mummy (D:5)
  6 gnolls
  5 adders
  2 shadow imps
  A white imp (D:5)
  An ufetubus (D:4)
  5 worms
  4 dart slugs
  16 orcs
  4 endoplasms
  4 giant cockroaches
  8 goblins
  6 hobgoblins
  3 jackals (D:4)
  3 quokkas
  13 ball pythons
  9 bats
  2 frilled lizards
  11 kobolds
  3 rats
142 creatures vanquished.

Vanquished Creatures (collateral kills)
  Menkaure (D:6)
  An ogre (D:4)
  A gnoll (D:7)
  2 orcs (D:4)
  A kobold (D:4)
6 creatures vanquished.

Vanquished Creatures (others)
  A plant (D:4)
1 creature vanquished.

Grand Total: 149 creatures vanquished

Notes
Turn   | Place    | Note
-------+----------+-------------------------------------------
     0 | D:1      | ragingrage the Demonspawn Chaos Knight began the quest for
                  | the Orb.
     0 | D:1      | Reached XP level 1. HP: 18/18 MP: 1/1
    11 | D:1      | XOM: silly message
   165 | D:1      | Reached skill level 3 in Axes
   174 | D:1      | XOM: silly message
   188 | D:1      | Found a faded altar of an unknown god.
   367 | D:1      | Gained mutation: A weak demonic guardian rushes to your
                  | aid. [demonic ancestry]
   367 | D:1      | Reached XP level 2. HP: 24/24 MP: 2/2
   425 | D:1      | XOM: silly message
   520 | D:1      | XOM: silly message
   743 | D:1      | Reached XP level 3. HP: 29/29 MP: 3/3
   771 | D:1      | XOM: silly message
   809 | D:1      | XOM: potion effect (heal wounds)
   815 | D:1      | XOM: butterfly on damage
   816 | D:1      | XOM: butterfly on damage
   902 | D:2      | Reached skill level 4 in Axes
   907 | D:2      | XOM: noise
  1195 | D:2      | XOM: 2-stop teleportation journey
  1506 | D:2      | XOM: divination: detect items
  1608 | D:2      | XOM: silly message
  1877 | D:1      | XOM: silly message
  2117 | D:3      | Reached XP level 4. HP: 34/35 MP: 4/4
  2137 | D:3      | XOM: smoke on damage
  2146 | D:3      | XOM: noise
  2157 | D:3      | Reached skill level 5 in Axes
  2163 | D:3      | Found a hide-covered altar of Uskayaw.
  2202 | D:3      | Gained mutation: You have a small tail. [demonic ancestry]
  2202 | D:3      | Reached XP level 5. HP: 14/41 MP: 5/5
  2205 | D:3      | Noticed a phantom
  2214 | D:3      | HP: 1/41 [something (2)]
  2226 | D:3      | Killed a phantom
  2235 | D:3      | Identified the +7 short sword of Beogh's Delight
                  | {antimagic, rPois}
  2525 | D:3      | XOM: 2-stop teleportation journey
  2617 | D:3      | Reached skill level 6 in Axes
  2657 | D:3      | XOM: divination: detect items
  2976 | D:4      | Found an ancient bone altar of Kikubaaqudgha.
  3008 | D:4      | XOM: potion effect (haste)
  3016 | D:4      | XOM: cloud trail
  3307 | D:4      | Noticed an ogre
  3313 | D:4      | XOM: summons 4 friendly demons
  3317 | D:4      | Killed an ogre
  3318 | D:4      | Reached XP level 6. HP: 47/47 MP: 2/6
  3328 | D:4      | Found a staircase to the Ecumenical Temple.
  3459 | D:4      | XOM: divination: magic mapping
  3850 | D:4      | XOM: cast spell 'Metabolic Englaciation'
  3859 | D:4      | Reached skill level 7 in Axes
  4067 | D:4      | XOM: give mutations
  4067 | D:4      | Gained mutation: Your flesh is cold resistant. (rC+) [Xom's
                  | mischief]
  4067 | D:4      | Gained mutation: You occasionally lose the ability to drink
                  | potions when taking damage. [Xom's mischief]
  4204 | D:4      | XOM: polymorph jackal -> ball python
  4466 | D:4      | XOM: cloud trail
  4552 | D:4      | XOM: god gift: 44 gold pieces
  4561 | D:4      | XOM: noise
  4586 | D:4      | XOM: give mutations
  4586 | D:4      | Gained mutation: You have a pair of small horns on your
                  | head. [Xom's grace]
  4586 | D:4      | Gained mutation: You have a pair of horns on your head.
                  | [Xom's grace]
  4586 | D:4      | Gained mutation: You have sharp toenails. [Xom's grace]
  4586 | D:4      | Gained mutation: You have sharp fingernails. [Xom's grace]
  4608 | D:4      | XOM: scenery: 1 doors close
  4618 | D:5      | Entered Level 5 of the Dungeon
  4825 | D:5      | XOM: potion effect (invisibility)
  4833 | D:5      | Gained mutation: You may rarely emit foul miasma when
                  | damaged in melee. [demonic ancestry]
  4833 | D:5      | Reached XP level 7. HP: 52/52 MP: 7/7
  5122 | D:5      | Noticed Blork the orc
  5125 | D:5      | XOM: cleaving
  5131 | D:5      | Killed Blork the orc
  5132 | D:5      | Reached skill level 8 in Axes
  5191 | D:5      | XOM: smoke on damage
  5200 | D:5      | XOM: cloud trail
  5544 | D:5      | Found a snail-covered altar of Cheibriados.
  5608 | D:5      | XOM: give mutation
  5608 | D:5      | Gained mutation: You possess an exceptional clarity of
                  | mind. [Xom's grace]
  5656 | D:5      | XOM: god gift: 788 gold pieces
  5879 | D:6      | Found a shimmering altar of Xom.
  6016 | D:6      | Noticed Menkaure
  6021 | D:6      | XOM: butterfly on damage
  6022 | D:6      | HP: 1/52 [Menkaure (9)]
  6024 | D:6      | Killed Menkaure
  6025 | D:6      | Reached skill level 9 in Axes
  6025 | D:6      | Reached XP level 8. HP: 2/58 MP: 2/8
  6074 | D:6      | XOM: 1-stop teleportation journey
  6170 | D:6      | XOM: 9-stop teleportation journey
  6473 | D:6      | XOM: draining
  6972 | D:7      | XOM: polymorph water moccasin -> naga
  6987 | D:8      | XOM: summons friendly iron imp
  7547 | D:7      | XOM: summons friendly shadow imp
  8122 | D:7      | Noticed a hornet
  8132 | D:7      | Killed a hornet
  8136 | D:7      | Reached skill level 5 in Fighting
  8181 | D:7      | XOM: cleaving
  8193 | D:7      | Reached skill level 10 in Axes
  8263 | D:7      | XOM: blink monster(s)
  8343 | D:7      | Gained mutation: You sometimes emit foul miasma when
                  | damaged in melee. [demonic ancestry]
  8343 | D:7      | Reached XP level 9. HP: 55/68 MP: 3/9
  8392 | D:7      | Mangled by a wight

Illustrated notes

Levels and vault maps discovered:
D:1:      minmay_arrival_solitary_statue, layout_loops_corners,
          hellmonk_ecumenical_altar_pennies_from_heaven, kennysheep_boxes
D:2:      layout_loops_ring
D:3:      layout_rooms, nicolae_uskayaw_murder_on_the_dancefloor
D:4:      layout_loops_corners, kiku_gazebo_garden_becter, tso_oasis_becter,
          minmay_temple_entry_ruins
D:5:      layout_loops_ring, slow_altar_2, uniq_blork_the_orc
D:6:      layout_basic, lemuel_round_altar, uniq_menkaure
D:7:      layout_rooms, dk_vineyard_3, grunt_ministairs_2
D:8:      layout_basic, serial_rivers, chequers_serial_rivers_room_b,
          chequers_serial_rivers_micro_b, chequers_serial_rivers_micro_c,
          chequers_serial_rivers_micro_c, minmay_manual_monstrance,
          uniq_prince_ribbit1

Skill      XL: |  1  2  3  4  5  6  7  8 |
---------------+-------------------------+-----
Axes           | 3 4 5 6 7 9 10 | 10.6
Fighting       | 5 |  5.0
Armour         | |  1.7
Dodging        | |  0.9

Action                   |  1- 3 |  4- 6 |  7- 9 || total
-------------------------+-------+-------+-------++-------
Melee: Hand axe          |   134 |    34 |       ||   168
       Punch             |       |     1 |     5 ||     6
       Short sword       |       |    61 |   110 ||   171
       Tailslap          |       |    16 |    35 ||    51
       Dagger            |       |    64 |    82 ||   146
       Kick              |       |     3 |    71 ||    74
       Headbutt          |       |     2 |    34 ||    36
Evoke: Piece from Xom's  |     2 |       |     1 ||     3
       Wand              |       |       |     1 ||     1
  Use: Potion            |       |     6 |     1 ||     7
       Scroll            |       |       |     7 ||     7
 Stab: Paralysed         |     2 |       |       ||     2
       Petrifying        |     1 |       |       ||     1
Armor: Leather armour    |    64 |    54 |    51 ||   169
Dodge: Dodged            |    98 |    85 |    68 ||   251
Block: Other             |       |     7 |    29 ||    36

Table legend: (Time is in decaauts)
 A = Elapsed time spent in this place.
 B = Non-inter-level travel time spent in this place.
 C = Inter-level travel time spent in this place.
 D = Time resting spent in this place.
 E = Time spent auto-exploring this place.
 F = Levels seen in this place.
 G = Mean time per level.
                   A        B        C        D        E       F      G
               +--------+--------+--------+--------+--------+-----+--------+
         Total |   8416 |   8017 |    399 |   1424 |   5141 |   8 | 1052.0 |
       Dungeon |   8416 |   8017 |    399 |   1424 |   5141 |   8 | 1052.0 |
               +--------+--------+--------+--------+--------+-----+--------+

Top non-repeatable levels by time:
     D:6: 1740 daAuts
     D:4: 1647 daAuts
     D:5: 1139 daAuts
     D:1: 1071 daAuts
     D:2: 1051 daAuts
     D:7: 911 daAuts
     D:3: 851 daAuts
     D:8: 1 daAuts
